Match 47199551
Unlisted

Match 47199551
End
Construct Barracks
Construct Barracks
Riflemen Squad
Riflemen Squad
Riflemen Squad
Grenade Package
Construct Medical Station
Infantry Support Center
Construct Weapon Support Center
M1918 Browning Automatic Rifles
M3 Armored Personnel Carrier
Selects Heavy Weapons
Selects Assault Carriers
Engineer Squad
M3 Assault Carrier
Selects Exchangeable Parts
Construct Motor Pool
M3 Assault Carrier
Riflemen Squad
Construct Tank Depot
M4(105) Sherman Bulldozer
M4(105) Sherman Bulldozer
Selects Towed M5 3-inch Anti-tank Gun
Towed M5 3-inch Anti-tank Gun
Selects M2HB .50cal Heavy Machine Gun
Selects Gallant Stand
Selects Bolstered Team Weapons
M1919 Machine Gun Team
M1919 Machine Gun Team
Towed M5 3-inch Anti-tank Gun
Be Frabjous
water
Boat Goes Binted
It's Takotime
nathannecro
Dam
Grenadier
YangXYZ
0
0

Comments sign in to comment!

No comments posted yet!